 BcadrenCrawl: Boulder Brew version 0.06-272-g04a409949d (webtiles) character file.

Game seed: 5490740077223102882, levelgen mode: deterministic

21 MisterOstroum the Sneak (level 2, 0/18 HPs) Immature Draconian Vine Stalker. Began on Aug 22, 2022. Slain by a hobgoblin ... wielding a +0 club (3 damage) ... on level 1 of the Dungeon on Sept 2, 2022. The game lasted 00:04:02 (169 turns).

MisterOstroum the Sneak (DrVS)                       Turns: 169, Time: 00:04:03

Health: 0/18       AC:  5    Str: 15    XL:     2 ^: 11
Magic:  0/6        EV: 12    Int: 11    God:
Gold:   8          SH:  0    Dex: 10    Spells: 3/4 levels left

rFire    . . .     Slash    +   (no weapon)
rCold    + + .     Pierce   x   a - +1 dagger
rNeg     x . .     Bludgeon .   (armour unavailable)
rCorr    . . .     Vision   .   (helmet restricted)
rPois    .         Gourm    .   (no cloak)
rElec    +         Faith    .   (no gloves)
MR       .....     Spirit   +   (no boots)
HPRegen  0.16/turn Reflect  .   g - amulet of chaos (curse) {(Curse: MR-)}
MPRegen  0.16/turn Harm     .   b - ring of ice (curse) {(Curse: Soulbond)}
Stlth    ++........             (no ring)

@: very slightly contaminated
A: fangs, deformed body 2, magic shield, antimagic bite, no potion heal,
cold-blooded, rot immunity, draconic flesh, AC +5
a: Breathe Dart


You were on level 1 of the Dungeon.
You were not hungry.

You visited 1 branch of the dungeon, and saw 1 of its levels.

You collected 8 gold pieces.

Inventory:

Weapons
 a - a +1 dagger (weapon)
 f - a +0 hunting sling
Jewellery
 b - a cursed ring of ice (left hand) {(Curse: Soulbond)}
 g - a cursed amulet of chaos (around neck) {(Curse: MR-)}
Potions
 c - a potion of mutation
Comestibles
 d - 8 chunks of flesh
 e - a ration


   Skills:
 * Level 2.5 Fighting
 - Level 1.5 Short Blades
 - Level 2.4 Dodging
 - Level 2.9 Stealth
 + Level 1.5 Spellcasting
 - Level 1.5 Hexes


You had 3 spell levels left.
You knew the following spells:

 Your Spells              Type           Power        Failure   Level  Hunger
a - Magic Candle          Hex/Fire       2 (90)       22%         1    24-44

Your spell library contained the following spells:

 Spells                   Type           Power        Failure   Level  Hunger
 Ensorcelled Hibernation Hex/Ice 3 (50) 34% 2 64-104 Confuse Hex 4 (100) 43% 3 104-164 Tukima's Dance Hex 4 (100) 43% 3 104-164 Blinding Spray Hex/Pois 2 (50) 56% 3 104-164 Fulminant Prism Hex            4 (200)      85%         4    184-284


Dungeon Overview and Level Annotations

Branches:
Dungeon (1/8)

Altars:


Innate Abilities, Weirdness & Mutations

Your plain brown scales are resilient. (AC +5)
You can breathe rudimentary magical darts.
You have razor-sharp fangs.
You cannot wear any armour on your peculiar form.
When hurt, damage is shared between your health and your magic reserves.
Your bite disrupts and absorbs the magic of your enemies.
Potions cannot restore your health.
You are cold-blooded and are slowed more easily by cold attacks.
You are immune to rotting.
Your scales resist being cut, but it's oddly easy to stick a small blade between them. (rSlashing+, rPiercing-)


Message History

Aiming:
f - a +0 hunting sling, Range: 6 (100%)
Press: ? - help, Shift-Dir - straight line, f/p - goblin
Aim: a goblin, wielding a +0 dagger and wearing a +0 ring mail (86%, 91% to-hit, healthy (4/4), 87% (Melee))
You shoot a sling bullet. The hobgoblin shouts!
The sling bullet hits the goblin (4).
You kill the goblin!
Aiming:
f - a +0 hunting sling, Range: 6 (100%)
Press: ? - help, Shift-Dir - straight line, f - hobgoblin
Aim: a hobgoblin, wielding a +0 club and wearing a +0 leather armour (86%, 91% to-hit, healthy (6/6), 81% (Melee))
You shoot a sling bullet.
The sling bullet hits the hobgoblin but does no damage.
The hobgoblin is healthy. (6/6) HP A goblin comes into view.
A cinder newt comes into view.
Aiming:
f - a +0 hunting sling, Range: 5 (125%)
Press: ? - help, Shift-Dir - straight line, f/p - hobgoblin
Aim: a hobgoblin, wielding a +0 club and wearing a +0 leather armour (86%, 91% to-hit, healthy (6/6), 81% (Melee))
You shoot a sling bullet.
The sling bullet barely misses the hobgoblin.
The sling bullet hits the goblin (1).
The goblin is moderately wounded. (3/4) HP A goblin comes into view.
Aiming:
f - a +0 hunting sling, Range: 4 (100%)
Press: ? - help, Shift-Dir - straight line, f/p - hobgoblin
Aim: a hobgoblin, wielding a +0 club and wearing a +0 leather armour (86%, 91% to-hit, healthy (6/6), 81% (Melee))
You shoot a sling bullet. The goblin shouts!
The sling bullet hits the hobgoblin (2).
The hobgoblin is moderately wounded. (4/6) HP You hear a shout!
Aiming:
f - a +0 hunting sling, Range: 3 (75%)
Press: ? - help, Shift-Dir - straight line, f/p - hobgoblin
Aim: a hobgoblin, wielding a +0 club and wearing a +0 leather armour (86%, 91% to-hit, moderately wounded (4/6), 81% (Melee))
You shoot a sling bullet.
The sling bullet hits the hobgoblin (1).
The hobgoblin is heavily wounded. (3/6) HP
Things that are here:
a +0 club; a goblin skeleton
Casting: Magic Candle (safe; 22% risk of failure)
Confirm with . or Enter, or press ? or * to list all spells.
Aiming: Magic Candle (safe; 22% risk of failure)
Press: ? - help, Shift-Dir - straight line, f/p - hobgoblin
Aim: a hobgoblin, wielding a +0 club and wearing a +0 leather armour (86%, 91% to-hit, heavily wounded (3/6), 81% (Melee))
You miscast Magic Candle.
You are very lightly contaminated with residual magic.
Nothing appears to happen.
Wield which item (- for none, * to show all)? (? for menu, Esc to quit)
a - a +1 dagger (weapon)
The hobgoblin hits you with a +0 club (1).
You hit the hobgoblin but do no damage. Your bite misses the hobgoblin.
The hobgoblin is heavily wounded. (3/6) HP The hobgoblin hits you with a +0 club (7)!
Wield which item (- for none, * to show all)? (? for menu, Esc to quit)
You're wielding all the weapons you can.
Unwield which one? (? for menu, Esc to cancel) < or
f - a +0 hunting sling; > or
a - a +1 dagger You prep your fists for unarmed combat.
You hit the hobgoblin but do no damage. x2
The hobgoblin is heavily wounded. (3/6) HP The hobgoblin hits you with a +0 club (3).
You hit the hobgoblin but do no damage. x2
You tail-slap the hobgoblin, but do no damage.
You bite the hobgoblin, but do no damage.
The hobgoblin is heavily wounded. (3/6) HP The hobgoblin barely misses you.
You hit the hobgoblin but do no damage. x2
The hobgoblin is heavily wounded. (3/6) HP The hobgoblin hits you with a +0 club (4).
You hit the hobgoblin but do no damage. x2
The hobgoblin is heavily wounded. (3/6) HP The hobgoblin hits you with a +0 club (2).
You hit the hobgoblin but do no damage. x2
You tail-slap the hobgoblin, but do no damage.
The hobgoblin is heavily wounded. (3/6) HP The hobgoblin closely misses you.
The goblin shouts!
The goblin hits you but does no damage.
The goblin picks up a skull and throws it.
The skull hits you but does no damage.
A cinder newt and a hobgoblin come into view.
The cinder newt hisses angrily.
A bat comes into view.
The cinder newt moves out of view.
Found a ration.
Casting: Magic Candle (safe; 22% risk of failure)
Confirm with . or Enter, or press ? or * to list all spells.
Aiming: Magic Candle (safe; 22% risk of failure)
Press: ? - help, Shift-Dir - straight line, f/p - hobgoblin
Aim: a hobgoblin, wielding a +0 club and wearing a +0 leather armour (91%, 91% to-hit, heavily wounded (3/6), 81% (Melee))
Okay, then.
Unknown command.
The hobgoblin shouts!
You hit the hobgoblin but do no damage. x2
The hobgoblin is heavily wounded. (3/6) HP The hobgoblin hits you with a +0 club (5).
* * * LOW HITPOINT WARNING * * *
You hit the hobgoblin (1). You hit the hobgoblin but do no damage.
The hobgoblin is severely wounded. (2/6) HP The hobgoblin hits you with a +0 club (5).
You die...

#.## #.# ...
##.# .. l..
#..#### ). %.
......# .. g.
......# .# .#
......# #.# b#
......# l.###.#
####÷##
##g##.@.#
#.######..##g###
#.÷.##...###l#
###.#..##g..g#
#.).###l####
##.)# #.#
#..###l#
##.##..#
########..#.##


You could see 2 cinder newts, 2 hobgoblins, a goblin and a bat.

Vanquished Creatures
  A giant cockroach (D:1)
  3 goblins (D:1)
  A kobold (D:1)
  A rat (D:1)
6 creatures vanquished.

Vanquished Creatures (others)
  2 hobgoblins (D:1)
2 creatures vanquished.

Grand Total: 8 creatures vanquished

Notes
Turn   | Place    | Note
-------+----------+-------------------------------------------
     0 | D:1      | MisterOstroum the Immature Draconian Vine Stalker began the
                  | quest for the Orb.
     0 | D:1      | Reached XP level 1. HP: 10/10 MP: 4/4
     0 | D:1      | Upgraded the game from 0.06-255-ge059bf374d to
                  | 0.06-272-g04a409949d
    37 | D:1      | Reached XP level 2. HP: 17/17 MP: 4/6
   169 | D:1      | Slain by a hobgoblin

Levels and vault maps discovered:
D:1:      sevenhm_arrival_forest_fort_small_3, layout_rooms

Skill      XL: |  1 |
---------------+----+-----
Fighting       | 2 |  2.5
Short Blades   | |  1.5
Dodging        | |  2.4
Stealth        | |  2.9
Spellcasting   | |  1.5
Hexes          | |  1.5

Action                   || total
-------------------------++-------
Melee: Dagger            ||    16
       Unarmed           ||    15
       Peck              ||     3
       Tailslap          ||     1
 Fire: Hunting sling     ||    10
Throw: Stone             ||     3
       Rusty metal       ||     1
       Bone              ||     1
 Cast: Magic Candle      ||     1
Armor: Skin              ||     3
Dodge: Dodged            ||     6
